 Dungeon Crawl Stone Soup version 0.31.0-12-g77e489cdc1 (webtiles) character file.

Game seed: 2843720707231647146

17 Gadfly the Trooper (level 2, -3/32 HPs)
             Began as an Oni Berserker on Feb 15, 2024.
             Was a Follower of Trog.
             Succumbed to a kobold's poison
             ... on level 1 of the Dungeon.
             The game lasted 00:00:32 (405 turns).

Gadfly the Trooper (Oni Berserker)                   Turns: 405, Time: 00:00:33

Health: -3/32      AC:  3    Str: 20    XL:     2   Next: 62%
Magic:  2/2        EV: 10    Int:  8    God:    Trog [*.....]
Gold:   124        SH:  0    Dex:  8    Spells: 1/1 levels left

rFire   . . .        a - +0 mace
rCold   . . .        (no shield)
rNeg    . . .        b - +0 animal skin
rPois   .            (helmet restricted)
rElec   .            (no cloak)
rCorr   .            (gloves unavailable)
SInv    .            (boots unavailable)
Will    .....        (no amulet)
Stlth   +            (no ring)
HPRegen 0.25/turn    (no ring)
MPRegen 0.08/turn

%: no passive effects
@: lethally poisoned (-3 -> -21)
A: large, unfitting armour, horns 1, tough skin 1, double potion healing,
drunken brawling
a: Renounce Religion, Berserk


You were on level 1 of the Dungeon.
You worshipped Trog.
Trog was aware of your devotion.
You visited 1 branch of the dungeon, and saw 1 of its levels.

You collected 124 gold pieces.

Inventory:

Hand Weapons
 a - a +0 mace (weapon)
 g - a +0 long sword
Armour
 b - a +0 animal skin (worn)
Jewellery
 f - a ring of magical power
Scrolls
 e - a scroll of torment {unknown}
Potions
 c - a potion of curing {unknown}
 d - a potion of enlightenment {unknown}


   Skills:
 - Level 4.0 Fighting
 * Level 3.3 Maces & Flails
 * Level 0.9 Armour
 - Level 2.6 Dodging
 * Level 0.9 Evocations


You had one spell level left.
You didn't know any spells.
Your spell library was empty.

Dungeon Overview and Level Annotations

Branches:
Dungeon (1/15)

Altars:


Innate Abilities, Weirdness & Mutations

You are too large for most types of armour.
You have a pair of small horns on your head.
You have tough skin. (AC +1)
You gain doubled healing and magic from potions.
Whenever you drink a healing potion, you attack all around you.


Message History

No target in view!
No target in view!
A kobold comes into view.
It is wielding a +2 short sword of venom.
A kobold is nearby!
A kobold is nearby!
The kobold shouts!
The kobold hits you but does no damage.
You are poisoned.
You barely miss the kobold.
You feel very sick.
The kobold hits you with a +2 short sword of venom.
You are more poisoned.
You closely miss the kobold. Your headbutt misses the kobold.
You feel very sick.
The kobold hits you with a +2 short sword of venom.
You are more poisoned.
The kobold hits you with a +2 short sword of venom.
You are more poisoned.
You closely miss the kobold.
* * * LOW HITPOINT WARNING * * *
You feel extremely sick. The kobold barely misses you.
You are too injured to fight recklessly!
You are too injured to fight recklessly!
You are too injured to fight recklessly!
You are too injured to fight recklessly!
You are too injured to fight recklessly!
You are too injured to fight recklessly!
You are too injured to fight recklessly!
You are too injured to fight recklessly!
You are too injured to fight recklessly!
You are too injured to fight recklessly!
You are too injured to fight recklessly!
You are too injured to fight recklessly!
You barely miss the kobold. Your headbutt misses the kobold.
* * * LOW HITPOINT WARNING * * *
You feel extremely sick. The kobold hits you but does no damage.
You closely miss the kobold.
You die...

#......................#####
#.......#...................
#.......#.............)###..
#.......#..................#
#.......##............##....
######.###...........######.
#.###.......##### ##.
#.#.........# #..
#...##@.....# ###.#
#.####K.....# #...# #..#
####.### #####.### #..#
#.#####........ ....##...
#.##.....###### ........###
##....##.##
.....#...###....###.#
#..####......##.###.#
####..[............##.##


You could see a kobold.

Vanquished Creatures
  An endoplasm (D:1)
  2 giant cockroaches (D:1)
  A goblin (D:1)
  2 hobgoblins (D:1)
  A quokka (D:1)
  A ball python (D:1)
  4 bats (D:1)
  4 frilled lizards (D:1)
  A rat (D:1)
17 creatures vanquished.

Notes
Turn   | Place    | Note
-------+----------+-------------------------------------------
     0 | D:1      | Gadfly the Oni Berserker began the quest for the Orb.
     0 | D:1      | Reached XP level 1. HP: 24/24 MP: 1/1
    22 | D:1      | Reached XP level 2. HP: 18/32 MP: 2/2
   405 | D:1      | Succumbed to a kobold's poison

Illustrated notes

Levels and vault maps discovered:
D:1:      scummos_arrival_simple_fountains, layout_rooms,
          chequers_serial_rivers_small_a, minmay_hexomino_c4

Action                     || total
---------------------------++-------
  Melee: Mace              ||    51
         Headbutt          ||     5
         Punch             ||     1
 Armour: Animal skin       ||    41
  Dodge: Dodged            ||    38
